 Dungeon Crawl Stone Soup version 0.27.1-4-g1640c2035a (webtiles) character file.

Game seed: 16622161309349682620

3594 pkoi the Grappler (level 9, -1/81 HPs)
             Began as a Troll Monk on Nov 4, 2021.
             Was an Elder of Elyvilon.
             Slain by a two-headed ogre (11 damage)
             ... on level 8 of the Dungeon.
             The game lasted 00:09:38 (7249 turns).

pkoi the Grappler (Troll Monk)                      Turns: 7249, Time: 00:09:39

Health: -1/81      AC:  4    Str: 36    XL:     9   Next: 85%
Magic:  7/13       EV: 11    Int:  6    God:    Elyvilon [****..]
Gold:   276        SH:  0    Dex: 12    Spells: 8/8 levels left

rFire    . . .     SeeInvis .     - Unarmed
rCold    . . .     Faith    .   (no shield)
rNeg     . . .     Spirit   .   a - +0 robe
rPois    .         Reflect  .   (helmet restricted)
rElec    .         Harm     .   (no cloak)
rCorr    .         Rampage  .   (gloves unavailable)
Will     .....                  (boots unavailable)
Stlth    ++........             (no amulet)
HPRegen  1.23/turn              j - +6 ring of strength
MPRegen  0.13/turn              n - +6 ring of strength

@: studying Fighting
A: large, unfitting armour, claws 3, regeneration 1, shaggy fur 1, tough skin 1
a: Renounce Religion, Lesser Healing, Heal Other, Purification, Greater Healing,
Divine Protection


You were on level 8 of the Dungeon.
You worshipped Elyvilon.
Elyvilon was greatly pleased with you.
You visited 2 branches of the dungeon, and saw 9 of its levels.

You collected 438 gold pieces.
You spent 162 gold pieces at shops.

Inventory:

Missiles
 h - a throwing net
 i - 17 poisoned darts
 s - 3 large rocks (quivered)
Armour
 a - a +0 robe (worn)
Jewellery
 j - a +6 ring of strength (left claw)
 n - a +6 ring of strength (right claw)
 v - a +4 ring of evasion
 w - a ring of fire
Wands
 l - a wand of mindburst (16)
 m - a wand of flame (25)
 r - a wand of iceblast (5)
Scrolls
 b - 4 scrolls of identify
 c - a scroll of holy word
 o - a scroll of enchant weapon
 q - a scroll of silence
 t - a scroll of fear
 u - a scroll of enchant armour {unknown}
 x - a scroll of teleportation
Potions
 d - 7 potions of haste
 e - a potion of berserk rage
 f - a potion of ambrosia
 g - a potion of brilliance
 k - a potion of resistance
 p - a potion of might {unknown}


   Skills:
 + Level 3.0 Fighting
 + Level 1.7 Throwing
 + Level 4.9 Dodging
 - Level 1.0 Stealth
 * Level 9.9 Unarmed Combat
 * Level 7.4 Invocations
 - Level 2.1 Evocations


You had 8 spell levels left.
You didn't know any spells.
Your spell library contained the following spells:

 Spells                   Type           Power      Damage    Failure   Level
 Summon Small Mammal      Summ           0%         N/A       45%         1
 Corpse Rot               Necr/Air       N/A        N/A       58%         2
 Poisonous Vapours        Pois/Air       0%         N/A       58%         2
 Slow                     Hex            0%         N/A       58%         2
 Call Canine Familiar     Summ           0%         N/A       83%         3
 Confusing Touch          Hex            0%         N/A       83%         3
 Summon Guardian Golem    Hex/Summ       0%         N/A       83%         3
 Freezing Cloud           Conj/Ice/Air   0%         6-21      100%        5
 Yara's Violent Unravell  Hex/Tmut       0%         3d3       100%        5


Dungeon Overview and Level Annotations

Branches:
Dungeon (8/15)             Temple (1/1) D:5
   Lair: D:8-11

Altars:
Ashenzari
Cheibriados
Dithmenos
Elyvilon
Fedhas
Gozag
Hepliaklqana
Kikubaaqudgha
Makhleb
Nemelex Xobeh
Okawaru
Qazlal
Sif Muna
Trog
Uskayaw
Vehumet
Wu Jian
Xom
Yredelemnul
Zin
The Shining One

Shops:
D:4 *   D:5 [*?*   D:7 (   D:8 (

Annotations:
D:5 2 transporters, Whoops's ghost, novice DsDe


Innate Abilities, Weirdness & Mutations

You are too large for most types of armour.
You have claws for hands.
Your natural rate of healing is unusually fast.
You are covered in fur. (AC +1)
You have tough skin. (AC +1)


Message History

Heal: a centaur, wielding a +0 shortbow and quivering arrows (chance to pacify: 62%)
The light of Elyvilon fails to reach the centaur.
The centaur shoots an arrow.
The arrow hits you.
* * * LOW HITPOINT WARNING * * *
Unknown command.
Press: ? - help, Dir - move target, f/p - centaur Heal: a centaur, wielding a +0 shortbow and quivering arrows (chance to pacify: 62%)
The centaur turns neutral.
The centaur unwields a +0 shortbow.
The centaur hits the kobold.
The kobold dies!
The kobold hits you but does no damage.
The kobold hits the centaur with a +0 dagger.
The centaur barely misses the kobold.
The centaur kicks the kobold.
There are no items here.
You start resting.
A two-headed ogre is nearby!
Press: ? - help, Dir - move target, f - two-headed ogre Heal: a two-headed ogre, wielding two +0 giant clubs (chance to pacify: 21%)
The light of Elyvilon fails to reach the two-headed ogre.
Press: ? - help, Dir - move target, f/p - two-headed ogre Heal: a two-headed ogre, wielding two +0 giant clubs (chance to pacify: 21%)
The light of Elyvilon fails to reach the two-headed ogre.
Press: ? - help, Dir - move target, f/p - two-headed ogre Heal: a two-headed ogre, wielding two +0 giant clubs (chance to pacify: 21%)
The light of Elyvilon fails to reach the two-headed ogre.
The two-headed ogre hits you with a +0 giant club!!
The two-headed ogre completely misses you.
You mangle the two-headed ogre!!
The two-headed ogre is moderately wounded.
You barely miss the two-headed ogre.
The two-headed ogre is moderately wounded.
The two-headed ogre hits you with a +0 giant club!!
* * * LOW HITPOINT WARNING * * *
The two-headed ogre hits you with a +0 giant club!!
* * * LOW HITPOINT WARNING * * *
You scratch the two-headed ogre.
The two-headed ogre is heavily wounded.
The two-headed ogre closely misses you.
The two-headed ogre hits you with a +0 giant club!
You die...

#####
#########...#####################
..........#.....@O....(##........
######....∩...########.#..†######
#.######.# #......#....... #.#
#.# #.##.#...###### #.# #.# #
#.##.## #.# #.# #.##.# #.# #.#
#.##.# #.# #.# #.##.# .. #.#
#..#.#


You could see a two-headed ogre.

Vanquished Creatures
  A cyclops (D:7)
  2 wraiths
  2 water moccasins
  2 black bears
  An ice beast (D:5)
  A sky beast (D:6)
  A necrophage (D:3)
  A hornet zombie (D:5)
  An ogre (D:5)
  3 centaurs
  A phantom (D:4)
  3 bullfrogs
  A wyvern zombie (D:5)
  A water moccasin zombie (D:6)
  2 scorpions
  A wyvern skeleton (D:7)
  A killer bee (D:8)
  A howler monkey (D:8)
  A bullfrog zombie (D:5)
  3 centaur zombies (D:7)
  A bullfrog skeleton (D:6)
  A jelly (D:7)
  6 hounds
  Jessica (D:2)
  A centaur skeleton (D:7)
  4 iguanas
  An orc wizard (D:5)
  Terence (D:3)
  A hound skeleton (D:4)
  6 adders
  3 gnolls (D:3)
  A white imp (D:6)
  3 ufetubi
  A dart slug (D:3)
  19 orcs
  9 ball pythons
  10 endoplasms
  2 giant cockroaches (D:4)
  9 goblins
  7 hobgoblins
  7 jackals
  9 kobolds
  5 quokkas
  6 bats
  4 frilled lizards
  6 rats
154 creatures vanquished.

Vanquished Creatures (others)
  4 centaurs
  An orc (D:4)
  2 kobolds (D:8)
  A plant (D:8)
8 creatures vanquished.

Grand Total: 162 creatures vanquished

Notes
Turn   | Place    | Note
-------+----------+-------------------------------------------
     0 | D:1      | pkoi the Troll Monk began the quest for the Orb.
     0 | D:1      | Reached XP level 1. HP: 22/22 MP: 0/0
   316 | D:1      | Reached XP level 2. HP: 29/29 MP: 1/1
   457 | D:1      | Found a faded altar of an unknown god.
   691 | D:1      | Reached skill level 4 in Unarmed Combat
   958 | D:2      | Reached XP level 3. HP: 36/36 MP: 2/2
   975 | D:2      | Noticed Jessica
   979 | D:2      | Killed Jessica
  1092 | D:2      | Reached XP level 4. HP: 37/44 MP: 3/3
  1178 | D:2      | Reached skill level 5 in Unarmed Combat
  1342 | D:1      | Became a worshipper of Elyvilon the Healer
  1342 | D:1      | Reached * piety under Elyvilon
  1342 | D:1      | Reached ** piety under Elyvilon
  1535 | D:2      | Reached *** piety under Elyvilon
  2148 | D:3      | Reached skill level 1 in Invocations
  2148 | D:3      | Reached XP level 5. HP: 50/50 MP: 4/4
  2370 | D:3      | Noticed Terence
  2373 | D:3      | Noticed a necrophage
  2376 | D:3      | Killed Terence
  2384 | D:3      | Killed a necrophage
  2385 | D:3      | Reached skill level 1 in Evocations
  2584 | D:3      | Reached XP level 6. HP: 59/59 MP: 6/6
  2593 | D:3      | Reached skill level 6 in Unarmed Combat
  2898 | D:4      | Reached **** piety under Elyvilon
  3105 | D:4      | Found a radiant altar of Vehumet.
  3165 | D:4      | Reached XP level 7. HP: 53/66 MP: 8/8
  3241 | D:4      | Found Ciagaosch's Gadget Gallery.
  3346 | D:5      | Entered Level 5 of the Dungeon
  3460 | D:4      | Reached skill level 7 in Unarmed Combat
  3660 | D:5      | Found Wuepait's Assorted Antiques.
  3687 | D:5      | Found Weliog's Magic Scroll Emporium.
  3694 | D:5      | Reached XP level 8. HP: 74/74 MP: 10/10
  3701 | D:5      | Bought a scroll labelled MIUGOA BAWU for 33 gold pieces
  3781 | D:5      | Bought a scroll of holy word for 105 gold pieces
  3799 | D:5      | Found Adutamac's Assorted Antiques.
  3806 | D:5      | Bought a scroll labelled XUMEXK XIRUTZ for 24 gold pieces
  3854 | D:5      | Found a staircase to the Ecumenical Temple.
  3984 | D:5      | Found a shadowy altar of Dithmenos.
  4041 | D:5      | Found a basalt altar of Yredelemnul.
  4054 | D:5      | Found Ecagyun's Armour Shop.
  4071 | D:5      | Reached skill level 5 in Invocations
  4089 | D:5      | Reached skill level 8 in Unarmed Combat
  4142 | D:5      | Found a transporter.
  4144 | D:5      | Noticed Whoops's ghost (novice DsDe)
  4149 | D:5      | Identified the +6 dire flail of Disembowelment {vorpal,
                  | rElec}
  4152 | D:5      | Found a transporter.
  4294 | D:5      | Found a sparkling altar of Nemelex Xobeh.
  4659 | Temple   | Entered the Ecumenical Temple
  5081 | D:6      | Reached XP level 9. HP: 64/80 MP: 12/12
  5295 | D:6      | Found a hazy altar of Hepliaklqana.
  5337 | D:6      | Identified the +3 battleaxe of Sogoer {flame, rF++ rCorr}
  6082 | D:7      | Reached skill level 9 in Unarmed Combat
  6101 | D:7      | Found a burning altar of Makhleb.
  6237 | D:7      | Noticed a cyclops
  6246 | D:7      | Killed a cyclops
  6324 | D:7      | Reached ***** piety under Elyvilon
  6364 | D:7      | Found Bawkuxoi's Antique Weapon Emporium.
  6595 | D:7      | Reached skill level 1 in Throwing
  7031 | D:8      | Noticed Maggie
  7034 | D:8      | Pacified Maggie
  7130 | D:8      | Found Hasodum's Antique Weapon Emporium.
  7193 | D:8      | Noticed a two-headed ogre
  7249 | D:8      | Slain by a two-headed ogre

Illustrated notes

Levels and vault maps discovered:
D:1:      ebering_trefoil_3fold, layout_basic,
          hellmonk_ecumenical_altar_blasted, kennysheep_boxes
D:2:      layout_loops_ring, minmay_misc_feat_five, lemuel_flame_loot_1,
          uniq_jessica
D:3:      layout_basic, uniq_terence
D:4:      kennysheep_spiral_hall, layout_rooms, vehumet_altar_wand_db,
          nicolae_shop_gadgets
D:5:      layout_basic, mainiacjoe_overflow_tiny_flanked,
          overflow_temple_1_default, mainiacjoe_overflow_alcove_2,
          temple_statues, gammafunk_ghost_smash, serial_shops, shop, shop, shop,
          nicolae_stop_n_shop_1
D:6:      layout_basic, mainiacjoe_overflow_brackets, centaur_isle
D:7:      layout_basic, overflow_temple_1_default, serial_shops,
          kennysheep_little_box, minmay_misc_feat_plants, minmay_manual_mares
D:8:      layout_loops_ring, serial_shops, shop, serial_bayou_crossing,
          uniq_erica, uniq_maggie
Temple:   regret_index_temple_waves

Skill      XL: |  1  2  3  4  5  6  7  8  9 |
---------------+----------------------------+-----
Unarmed Combat | 4 5 6 7 8 9 |  9.9
Invocations    | 1 2 3 4 6 7 |  7.4
Evocations     | 1 2 |  2.1
Dodging        | 3 4 |  4.9
Throwing       | 1 |  1.7
Fighting       | 3 |  3.0
Stealth        | |  1.0

Action                   |  1- 3 |  4- 6 |  7- 9 || total
-------------------------+-------+-------+-------++-------
Melee: Unarmed           |    73 |   121 |   194 ||   388
       Punch             |     1 |     1 |     5 ||     7
Invok: Heal Other        |       |       |    19 ||    19
  Use: Scroll            |     3 |     8 |     7 ||    18
 Stab: Sleeping          |     7 |     6 |     1 ||    14
Armor: Robe              |    16 |    22 |    54 ||    92
Dodge: Dodged            |    22 |    51 |   130 ||   203
